 Dungeon Crawl Stone Soup version 0.31-a0-271-gb88eb75e06 (webtiles) character file.

Game seed: 12158846430629422971

254 Shard1697 the Caller (level 5, -1/38 HPs)
             Began as a Draconian Hedge Wizard on July 15, 2023.
             Was an Initiate of Wu Jian.
             Slain by an orc
             ... wielding a +0 short sword
              (3 damage)
             ... on level 4 of the Dungeon.
             The game lasted 00:04:03 (3420 turns).

Shard1697 the Caller (Draconian Hedge Wizard)       Turns: 3420, Time: 00:04:04

Health: -1/38      AC:  5    Str: 12    XL:     5   Next: 91%
Magic:  18/18      EV: 12    Int: 16    God:    Wu Jian [......]
Gold:   122        SH:  0    Dex: 11    Spells: 7/10 levels left

rFire   . . .        l - +2 dagger (drain)
rCold   . . .        (no shield)
rNeg    . . .        (body armour unavailable)
rPois   .            b - +0 hat
rElec   .            (no cloak)
rCorr   .            (no gloves)
SInv    .            (no boots)
Will    .....        (no amulet)
Stlth   ++           i - ring of magical power
HPRegen 0.26/turn    (no ring)
MPRegen 0.16/turn

%: no passive effects
@: no status effects
A: AC +5, unfitting armour, cold-blooded
a: Renounce Religion


You were on level 4 of the Dungeon.
You worshipped Wu Jian.
Wu Jian was noncommittal.
You visited 1 branch of the dungeon, and saw 4 of its levels.

You collected 122 gold pieces.

Inventory:

Hand Weapons
 a - a +0 dagger
 d - a +0 short sword
 l - a +2 dagger of draining (weapon)
 r - a +0 short sword of venom
Missiles
 h - 5 curare-tipped darts
Armour
 b - a +0 hat (worn)
Jewellery
 i - a ring of magical power (left hand)
Scrolls
 f - a scroll of enchant armour {unknown}
 j - 6 scrolls of identify {unknown}
 k - a scroll of poison {unknown}
 m - 2 scrolls of noise {unknown}
 o - 2 scrolls of teleportation {unknown}
 q - a scroll of fear {unknown}
Potions
 c - a potion of magic
 e - a potion of curing
 g - a potion of heal wounds {unknown}
 n - a potion of ambrosia {unknown}
 p - 2 potions of degeneration {unknown}


   Skills:
 - Level 1.7 Dodging
 - Level 1.7 Stealth
 - Level 3.0 Spellcasting
 - Level 1.0 Conjurations
 + Level 6.0 Summonings
 - Level 1.0 Translocations


You had 7 spell levels left.
You knew the following spells:

 Your Spells              Type           Power      Damage    Failure   Level
a - Magic Dart            Conj           20%        1d4       12%         1
b - Call Imp              Summ           42%        N/A       2%          2

Your spell library contained the following spells:

 Spells                   Type           Power      Damage    Failure   Level
 Slow                     Hex            8%         N/A       19%         1
 Blink                    Tloc           10%        N/A       19%         2
 Cigotuvi's Dreadful Rot  Necr/Pois/Air  4%         N/A       28%         2
 Mephitic Cloud           Conj/Pois/Air  3%         N/A       43%         3
 Ozocubu's Armour         Ice            2%         N/A       50%         3
 Ozocubu's Refrigeration  Ice            1%         4d7       100%        7


Dungeon Overview and Level Annotations

Branches:
Dungeon (4/15)
 Temple: D:4-7

Altars:
Nemelex Xobeh
Sif Muna
Wu Jian


Innate Abilities, Weirdness & Mutations

Your plain brown scales are hard. (AC +5)
You cannot fit into any form of body armour.
You are cold-blooded and may be slowed by cold attacks.


Message History

The Council accepts your kill.
You feel sick.
The orc hits your cerulean imp with a +0 hand axe.
Your cerulean imp closely misses the orc wizard.
The orc wizard hits you but does no damage.
The orc hits you with a +0 short sword.
* * * LOW HITPOINT WARNING * * *
The orc wizard attacks as you move away!
The orc wizard hits you with a +0 dagger.
* * * LOW HITPOINT WARNING * * *
The orc attacks as you move away! The orc barely misses you.
You feel sick.
The orc barely misses something.
You see here an adder corpse.
You hit the orc wizard. You drain the orc wizard.
You kill the orc wizard!
The Council accepts your kill.
You feel sick.
You are no longer poisoned.
The orc barely misses your cerulean imp.
Your Summonings skill increases to level 6!
You hit the orc.
The orc is moderately wounded.
Your cerulean imp hits the orc with a -2 spear.
The orc misses you.
You hit the orc.
The orc is severely wounded.
Your cerulean imp hits the orc with a -2 spear.
The orc dies!
The Council accepts your kill. The orc barely misses you.
You barely miss the orc.
The orc is severely wounded.
Your cerulean imp closely misses the orc.
The orc hits you with a +0 short sword.
* * * LOW HITPOINT WARNING * * *
You barely miss the orc.
The orc is severely wounded.
Your cerulean imp closely misses the orc.
The orc hits you with a +0 short sword.
You die...

#. . #.## .. #... ...
#..# ##### .... #!..
#...# .....##.## #._.#
..$..?..'######..†# ...
##+###.#...#.###.# ..
#@#.#.#....### .
#o#.#...##.#.###..
......5)#.##...#.#....#
###.##.##....#.#.#....#
#.#.###.#...#.##.##
..#...######'......
...#._.##.#.........
##.#...##......#..#.
#.#####...###.#..#.


You could see an orc (ally target) and a friendly cerulean imp (summoned).

Vanquished Creatures
  A scorpion (D:4)
  An orc priest (D:4)
  An orc wizard (D:4)
  Natasha (D:3)
  4 adders
  2 worms (D:2)
  2 dart slugs (D:1)
  2 orcs (D:4)
  6 bats
  7 endoplasms
  3 giant cockroaches
  4 goblins
  3 hobgoblins
  A quokka (D:4)
  6 ball pythons
  3 frilled lizards
  9 kobolds
  6 rats
62 creatures vanquished.

Vanquished Creatures (collateral kills)
  2 worms (D:2)
  3 orcs (D:4)
  A kobold (D:2)
  A rat (D:2)
7 creatures vanquished.

Grand Total: 69 creatures vanquished

Notes
Turn   | Place    | Note
-------+----------+-------------------------------------------
     0 | D:1      | Shard1697 the Draconian Hedge Wizard began the quest for
                  | the Orb.
     0 | D:1      | Reached XP level 1. HP: 14/14 MP: 4/4
   303 | D:1      | Reached skill level 2 in Summonings
   303 | D:1      | Reached XP level 2. HP: 17/20 MP: 6/6
   306 | D:1      | Learned a level 2 spell: Call Imp
   989 | D:2      | Reached skill level 3 in Summonings
  1101 | D:2      | Reached XP level 3. HP: 21/26 MP: 7/7
  2131 | D:2      | Reached XP level 4. HP: 27/31 MP: 8/8
  2431 | D:3      | Reached skill level 4 in Summonings
  2755 | D:3      | Found an ornate altar of the Wu Jian Council.
  2763 | D:3      | Became a worshipper of the Wu Jian Council
  2940 | D:3      | Noticed Natasha
  2943 | D:3      | Killed Natasha
  3159 | D:4      | Reached skill level 5 in Summonings
  3159 | D:4      | Reached XP level 5. HP: 26/38 MP: 9/9
  3337 | D:4      | Found a shimmering blue altar of Sif Muna.
  3390 | D:4      | Found a sparkling altar of Nemelex Xobeh.
  3417 | D:4      | Reached skill level 6 in Summonings
  3419 | D:4      | HP: 1/38 [orc/+0 short sword (4)]
  3420 | D:4      | Slain by an orc

Illustrated notes

Levels and vault maps discovered:
D:1:      saegor_arrival_miasma, layout_basic, nrook_mini_backslash,
          lexackson_kobold_supper
D:2:      layout_basic, serial_co_window_serial, co_window_of_opportunity_a,
          co_window_cross_1, co_window_paths_b, co_window_corner_a,
          co_window_corner_a, co_window_corner_a, co_window_corner_a,
          co_window_paths_b, co_window_of_opportunity_a, co_window_paths_c,
          co_window_corner_cb, co_window_broadway_b, co_window_4corner_a,
          glass_columns_b, minmay_tromino_v4_b
D:3:      layout_loops_corners, lemuel_crystal_altar, serial_bayou,
          serial_bayou_pond_a, serial_bayou_shore_b, serial_bayou_pond_d,
          serial_bayou_shore_a, uniq_natasha
D:4:      layout_basic, mainiacjoe_overflow_swirl

Skill      XL: |  1  2  3  4  5 |
---------------+----------------+-----
Summonings     | 2 3 5 6 |  6.0
Dodging        | |  1.7
Stealth        | |  1.7
Spellcasting   | |  3.0
Conjurations   | |  1.0
Translocations | |  1.0

Action                     |  1- 3 |  4- 6 || total
---------------------------+-------+-------++-------
  Melee: Short sword       |   151 |       ||   151
         Tailslap          |    17 |     5 ||    22
         Dagger            |    26 |    70 ||    96
         Punch             |     1 |       ||     1
   Cast: Magic Dart        |    11 |       ||    11
         Call Imp          |     4 |     2 ||     6
Ability: Lunge             |       |     2 ||     2
    Use: Potion            |     1 |     2 ||     3
   Stab: Sleeping          |     7 |     4 ||    11
         Distracted        |     1 |       ||     1
 Armour: Skin              |    50 |    23 ||    73
  Dodge: Dodged            |    99 |    53 ||   152

Table legend: (Time is in decaauts)
 A = Elapsed time spent in this place.
 B = Non-inter-level travel time spent in this place.
 C = Inter-level travel time spent in this place.
 D = Time resting spent in this place.
 E = Time spent auto-exploring this place.
 F = Levels seen in this place.
 G = Mean time per level.
                   A        B        C        D        E       F      G
               +--------+--------+--------+--------+--------+-----+--------+
         Total |   3439 |   3357 |     82 |     14 |   2776 |   4 |  859.8 |
       Dungeon |   3439 |   3357 |     82 |     14 |   2776 |   4 |  859.8 |
               +--------+--------+--------+--------+--------+-----+--------+

Top non-repeatable levels by time:
     D:2: 1340 daAuts
     D:1: 958 daAuts
     D:3: 838 daAuts
     D:4: 301 daAuts
